 Dungeon Crawl Stone Soup version 0.30.0-5-g1a98f26d00 (webtiles) character file.

Game seed: 9539485025191097041

227 Pimp the Conjurer (level 6, -1/32 HPs)
             Began as a Tengu Conjurer on May 10, 2023.
             Slain by a black bear (2 damage)
             ... on level 4 of the Dungeon.
             The game lasted 00:10:03 (3456 turns).

Pimp the Conjurer (Tengu Conjurer)                  Turns: 3456, Time: 00:10:03

Health: -1/32      AC:  2    Str:  8    XL:     6   Next: 2%
Magic:  6/11       EV: 15    Int: 20    God:
Gold:   149        SH:  0    Dex: 12    Spells: 5/11 levels left

rFire   + . .        s - +2 mace (heavy)
rCold   + . .        (no shield)
rNeg    . . .        a - +0 robe
rPois   .            (helmet restricted)
rElec   .            v - scarf {rC+ rF+}
rCorr   .            (no gloves)
SInv    .            (boots unavailable)
Will    .....        (no amulet)
Stlth   ++           (no ring)
HPRegen 0.25/turn    (no ring)
MPRegen 0.12/turn

%: no passive effects
@: flying quickly and evasively, quick
A: beak, talons 3, nimble flight
a: no special abilities


You were on level 4 of the Dungeon.
You visited 2 branches of the dungeon, and saw 5 of its levels.

You collected 149 gold pieces.

Inventory:

Hand Weapons
 s - a +2 heavy mace (weapon)
Armour
 a - a +0 robe (worn)
 d - a +0 leather armour
 v - a scarf of resistance (worn)
Jewellery
 q - an amulet of guardian spirit
Wands
 n - a wand of acid (10)
Scrolls
 c - 3 scrolls of amnesia
 h - 2 scrolls of noise {unknown}
 j - 2 scrolls of teleportation {unknown}
 l - a scroll of fear {unknown}
 p - a scroll of magic mapping {unknown}
 r - a scroll of brand weapon {unknown}
 u - a scroll of poison {unknown}
Potions
 b - 2 potions of magic
 e - 2 potions of might
 f - a potion of haste {unknown}
 g - a potion of cancellation {unknown}
 i - 3 potions of brilliance
 k - a potion of attraction {unknown}
 m - a potion of resistance
 o - 2 potions of heal wounds
 t - 2 potions of curing {unknown}


   Skills:
 + Level 3.7 Dodging
 + Level 3.7 Stealth
 + Level 3.2 Spellcasting
 + Level 6.5 Conjurations


You had 5 spell levels left.
You knew the following spells:

 Your Spells              Type           Power      Damage    Failure   Level
a - Magic Dart            Conj           100%       1d8       1%          1
b - Searing Ray           Conj           58%        2d6       1%          2
c - Dazzling Flash        Conj/Hex       32%        N/A       11%         3

Your spell library contained the following spells:

 Spells                   Type           Power      Damage    Failure   Level
 Summon Small Mammal      Summ           12%        N/A       14%         1
 Ensorcelled Hibernation  Hex/Ice        6%         N/A       22%         2
 Passwall                 Tmut/Erth      2%         N/A       22%         2
 Fulminant Prism          Conj/Hex       8%         3d7       36%         4
 Iskenderun's Mystic Bla  Conj/Tloc      16%        2d5       36%         4
 Call Canine Familiar     Summ           3%         N/A       38%         3
 Gell's Gravitas          Tloc           3%         N/A       38%         3
 Summon Guardian Golem    Hex/Summ       3%         N/A       38%         3
 Swiftness                Air            3%         N/A       38%         3
 Teleport Other           Tloc           3%         N/A       38%         3
 Volatile Blastmotes      Fire/Tloc      6%         2d10      38%         3
 Starburst                Conj/Fire      8%         6d4       99%         6
 Dispersal                Tloc           1%         N/A       100%        6


Dungeon Overview and Level Annotations

Branches:
Dungeon (4/15)             Temple (1/1) D:4

Altars:
Cheibriados
Dithmenos
Gozag
Kikubaaqudgha
Nemelex Xobeh
Okawaru
Ru
Sif Muna
Trog
Uskayaw
Wu Jian
Xom
Yredelemnul
Zin

Shops:
D:3 *


Innate Abilities, Weirdness & Mutations

You have a beak for a mouth.
You have claws for feet.
Your magical nature lets you fly swiftly and evasively.


Message History

Unknown command.
Casting: Searing Ray (safe; 1% risk of failure)
Confirm with . or Enter, or press ? or * to list all spells.
Aiming: Magic Dart (safe; 1% risk of failure)
Press: ? - help, Shift-Dir - straight line, f - black bear
Aim: a black bear (100% to hit)
The magic dart hits the black bear.
The black bear is lightly wounded.
Casting: Magic Dart (safe; 1% risk of failure)
Confirm with . or Enter, or press ? or * to list all spells.
Aiming: Searing Ray (safe; 1% risk of failure)
Press: ? - help, Shift-Dir - straight line, f/p - black bear
Aim: a black bear (lightly wounded, 85% to hit)
The searing ray hits the black bear!
The black bear is heavily wounded. (Press . to maintain the ray.)
The searing ray misses the black bear.
The searing ray hits the black bear!
The black bear is severely wounded.
The black bear goes berserk!
The searing ray misses the black bear.
You finish channelling your searing ray.
You hear a shout!
The black bear bites you. The black bear claws you.
The black bear barely misses you.
A centaur comes into view.
The black bear misses you. The black bear claws you. x2
The black bear bites you. The black bear barely misses you.
The black bear claws you.
Unknown command.
You hit the black bear but do no damage.
The black bear is severely wounded.
The black bear bites you. The black bear claws you.
* * * LOW HITPOINT WARNING * * *
The black bear claws you but does no damage.
The black bear completely misses you. x2; The black bear claws you.
* * * LOW HITPOINT WARNING * * *
The black bear bites you but does no damage.
The black bear misses you. The black bear claws you.
You die...

# #############
####.#...........#
...#..........##@#
...###...####.##h#
...#####.# #.##.#
.......#.# #.##c#
...###.#.# #.##.#
#### #.#.# #.##.#
#.#.# ..#..# #.#.#
.....# #.#.#
.#...#


You could see a black bear (berserk) and a centaur.

Vanquished Creatures
  2 orc priests (D:4)
  Natasha (D:2)
  3 gnolls (D:3)
  4 adders
  3 dart slugs (D:1)
  2 orcs (D:4)
  11 endoplasms
  A giant cockroach (D:2)
  7 goblins
  10 hobgoblins
  4 jackals (D:2)
  3 kobolds
  3 quokkas
  3 ball pythons
  3 bats (D:1)
  3 frilled lizards
  9 rats
72 creatures vanquished.

Notes
Turn   | Place    | Note
-------+----------+-------------------------------------------
     0 | D:1      | Pimp the Tengu Conjurer began the quest for the Orb.
     0 | D:1      | Reached XP level 1. HP: 10/10 MP: 4/4
   137 | D:1      | Reached XP level 2. HP: 15/15 MP: 1/6
   571 | D:1      | Reached XP level 3. HP: 19/19 MP: 4/7
   611 | D:1      | Found a faded altar of an unknown god.
  1493 | D:2      | Reached XP level 4. HP: 24/24 MP: 3/8
  1925 | D:2      | Noticed Natasha
  1930 | D:2      | Killed Natasha
  1931 | D:2      | Reached skill level 6 in Conjurations
  2296 | D:3      | Learned a level 2 spell: Searing Ray
  2304 | D:3      | Learned a level 3 spell: Dazzling Flash
  2396 | D:3      | Gained mutation: Your magical nature lets you fly swiftly
                  | and evasively. [Tengu growth]
  2396 | D:3      | Reached XP level 5. HP: 28/28 MP: 4/10
  2640 | D:3      | Found Nedwin's General Store.
  2715 | D:3      | Found a shimmering altar of Xom.
  3143 | D:4      | Reached XP level 6. HP: 27/32 MP: 3/11
  3240 | D:4      | Found a staircase to the Ecumenical Temple.
  3245 | Temple   | Entered the Ecumenical Temple
  3445 | D:4      | Noticed a black bear
  3456 | D:4      | HP: 1/32 [black bear (5)]
  3456 | D:4      | Slain by a black bear

Illustrated notes

Levels and vault maps discovered:
D:1:      tarquinn_simple_flora_water_a, layout_loops_corners,
          hellmonk_ecumenical_altar_pennies_from_heaven, minivault_25,
          minmay_tall_x
D:2:      layout_loops_ring, kennysheep_generic_room_14, uniq_natasha
D:3:      layout_basic, nicolae_overflow_hidden_temple, serial_shops, shop
D:4:      layout_basic, old_standard_altar, vehumet_altar_wand_db,
          temple_doors_ab, serial_shops, nicolae_shop_tiny_waterfront,
          uniq_ijyb, uniq_eustachio, uniq_sigmund, uniq_crazy_yiuf_cottage
Temple:   compressed_dpeg_triangle_lava_temple

Skill      XL: |  1  2  3  4  5 |
---------------+----------------+-----
Dodging        | 3 |  3.7
Stealth        | 3 |  3.7
Conjurations   | 6 |  6.5
Spellcasting   | 3 |  3.2

Action                     |  1- 3 |  4- 6 || total
---------------------------+-------+-------++-------
  Melee: Unarmed           |     1 |     2 ||     3
         Kick              |     1 |     3 ||     4
         Mace              |       |    21 ||    21
         Peck              |       |     4 ||     4
   Cast: Magic Dart        |    63 |    46 ||   109
         Searing Ray       |       |     6 ||     6
    Use: Scroll            |       |     6 ||     6
 Armour: Robe              |     1 |     7 ||     8
  Dodge: Dodged            |     2 |    39 ||    41
